 Dungeon Crawl Stone Soup version 0.27.0-1-g7a089689b8 (webtiles) character file.

Game seed: 6369592926007572690

1326 Strat the Basher (level 8, -2/51 HPs)
             Began as a Tengu Warper on Aug 6, 2021.
             Was a Follower of the Shining One.
             Killed by divine providence
             ... invoked by an orc priest
              (13 damage)
             ... on level 6 of the Dungeon.
             The game lasted 00:17:08 (8273 turns).

Strat the Basher (Tengu Warper)                     Turns: 8273, Time: 00:17:08

Health: -2/51      AC:  6    Str: 15    XL:     8   Next: 60%
Magic:  4/4        EV: 13    Int: 14    God:    the Shining One [*.....]
Gold:   69         SH:  0    Dex: 18    Spells: 9/11 levels left

rFire    . . .     SeeInvis .   a - +5 morningstar "Puokoym" {antimagic, rC+ Str+2 Dex+4}
rCold    + . .     Faith    .   (no shield)
rNeg     . . .     Spirit   .   t - +0 scale mail
rPois    .         Reflect  .   (helmet restricted)
rElec    .         Harm     .   (no cloak)
rCorr    .         Rampage  .   (no gloves)
Will     .....                  (boots unavailable)
Stlth    ..........             j - amulet of the acrobat
HPRegen  0.17/turn              (no ring)
MPRegen  0.09/turn              (no ring)

@: flying quickly and evasively, glowing, quick
A: beak, talons 3, nimble flight
a: Renounce Religion


You were on level 6 of the Dungeon.
You worshipped the Shining One.
The Shining One was aware of your devotion.
You visited 1 branch of the dungeon, and saw 6 of its levels.

You collected 276 gold pieces.
You spent 207 gold pieces at shops.

Inventory:

Hand Weapons
 a - the +5 morningstar "Puokoym" (weapon) {antimagic, rC+ Str+2 Dex+4}
   (You bought it in a shop on level 6 of the Dungeon)

   It reduces the magical energy of the wielder, and disrupts the spells and
   magical abilities of those it strikes.
   Natural abilities and divine invocations are not affected.
   Str:       It affects your strength (+2).
   Dex:       It affects your dexterity (+4).
   rC:        It protects you from cold.
 b - a +0 hunting sling
 m - a +0 mace
 u - a +0 flail
Missiles
 d - 5 boomerangs of dispersal
 g - 116 arrows
 i - 145 stones (quivered)
Armour
 k - a +0 ring mail
 r - a +0 leather armour
 t - a +0 scale mail (worn)
Jewellery
 h - an amulet of guardian spirit
 j - an amulet of the acrobat (around neck)
Wands
 l - a wand of polymorph (4)
 o - a wand of mindburst (7)
 w - a wand of iceblast (6)
Scrolls
 q - a scroll of fear {unknown}
Potions
 c - 2 potions of might
 f - a potion of brilliance
 n - 3 potions of curing
 p - 3 potions of lignification
 s - a potion of magic
 v - a potion of attraction {unknown}


   Skills:
 + Level 6.1 Fighting
 * Level 8.6 Maces & Flails
 - Level 1.0 Throwing
 - Level 1.1 Armour
 + Level 4.3 Dodging
 - Level 2.0 Spellcasting
 - Level 2.4 Translocations


You had 9 spell levels left.
You knew the following spells:

 Your Spells              Type           Power      Damage    Failure   Level
a - Blink                 Tloc           N/A        N/A       50%         2

Your spell library contained the following spells:

 Spells                   Type           Power      Damage    Failure   Level
 Beastly Appendage        Tmut           2%         N/A       67%         1
 Gell's Gravitas          Tloc           4%         N/A       73%         3
 Lesser Beckoning         Tloc           4%         N/A       73%         3
 Teleport Other           Tloc           8%         N/A       73%         3
 Wereblood                Tmut           1%         N/A       82%         2
 Inner Flame              Hex/Fire       1%         N/A       96%         3
 Spider Form              Tmut/Pois      0%         N/A       96%         3
 Cause Fear               Hex            0%         N/A       100%        4
 Manifold Assault         Tloc           8%         N/A       100%        5
 Discord                  Hex            0%         N/A       100%        8


Dungeon Overview and Level Annotations

Branches:
Dungeon (6/15)             Temple (0/1) D:6

Altars:
Elyvilon
Kikubaaqudgha
Trog
Wu Jian
Xom
Zin
The Shining One

Shops:
D:6 *(*

Annotations:
D:3 Grinder


Innate Abilities, Weirdness & Mutations

You have a beak for a mouth.
You have claws for feet.
Your magical nature lets you fly swiftly and evasively.


Message History

You claw the steam dragon, but do no damage.
The steam dragon is lightly wounded.
The steam dragon breathes steam at you. The ball of steam hits you.
You hit the steam dragon.
The steam dragon is moderately wounded.
You are engulfed in a cloud of scalding steam.
* * * LOW HITPOINT WARNING * * *
The steam dragon closely misses you. The steam dragon misses you.
You feel better.
You are engulfed in a cloud of scalding steam.
The steam dragon barely misses you.
The steam dragon claws you but does no damage.
You hit the steam dragon. Your kick misses the steam dragon.
The steam dragon is heavily wounded.
You are engulfed in a cloud of scalding steam.
* * * LOW HITPOINT WARNING * * *
The steam dragon bites you.
* * * LOW HITPOINT WARNING * * *
The steam dragon claws you but does no damage.
Blink to where?
Press: ? - help, Dir - move target
As you read the scroll of blinking, it crumbles to dust.
The orc shouts!
You hear a shout!
You and your allies can now gain power from killing the unholy and evil.
An orc and an orc priest come into view.
The orc shouts!
The orc priest shouts! x2
An orc comes into view. It is wielding a +0 flail.
The orc shouts!
The orc priest completely misses you.
The orc priest invokes the aid of Beogh against you.
Beogh smites you!
* * * LOW HITPOINT WARNING * * *
The orc priest closely misses you.
There is an escape hatch in the floor here.
The orc hits you with a +0 mace.
* * * LOW HITPOINT WARNING * * *
The orc priest invokes the aid of Beogh against you.
Beogh smites you!
You die...

#...###.##....
###..##...#....
###.....##....#..
##.###...#..D.....
##........##....###
##...............#..
##.............##....
#...........#.#####..
##..@o......#####....
#...o.......##....##
#...o.o........#####
##...#.o.......## #.
#....#.........# ####
#.....#........# #...
##..#..#........###...
#.)##...........##....
##....##........##....


You could see 2 orc priests and 3 orcs.

Vanquished Creatures
  2 ice beasts (D:6)
  A hornet zombie (D:6)
  A necrophage (D:5)
  A centaur (D:6)
  2 ogres (D:5)
  A wyvern skeleton (D:6)
  A killer bee (D:5)
  A bullfrog zombie (D:5)
  A hound (D:4)
  A jelly (D:6)
  4 bullfrog skeletons
  5 iguanas
  A scorpion zombie (D:5)
  Natasha (thrice) (D:4)
  A killer bee zombie (D:4)
  A hound zombie (D:5)
  A hound skeleton (D:4)
  5 adders
  A white imp (D:6)
  A worm (D:2)
  2 dart slugs
  6 orcs
  9 ball pythons
  A bat (D:2)
  5 endoplasms
  3 giant cockroaches
  5 goblins
  7 hobgoblins
  14 jackals
  7 quokkas
  3 frilled lizards
  4 kobolds
  6 rats
107 creatures vanquished.

Vanquished Creatures (others)
  5 plants
5 creatures vanquished.

Grand Total: 112 creatures vanquished

Notes
Turn   | Place    | Note
-------+----------+-------------------------------------------
     0 | D:1      | Strat the Tengu Warper began the quest for the Orb.
     0 | D:1      | Reached XP level 1. HP: 12/12 MP: 4/4
   208 | D:1      | Reached XP level 2. HP: 17/17 MP: 6/6
   211 | D:1      | Learned a level 2 spell: Blink
   319 | D:1      | Reached skill level 3 in Maces & Flails
   493 | D:1      | Found a faded altar of an unknown god.
   626 | D:1      | Reached XP level 3. HP: 22/22 MP: 7/7
  1568 | D:2      | Found a bloodstained altar of Trog.
  2283 | D:2      | Reached skill level 4 in Maces & Flails
  2283 | D:2      | Reached XP level 4. HP: 27/27 MP: 8/8
  3627 | D:3      | Reached skill level 5 in Maces & Flails
  3627 | D:3      | Gained mutation: Your magical nature lets you fly swiftly
                  | and evasively. [Tengu growth]
  3627 | D:3      | Reached XP level 5. HP: 6/32 MP: 9/9
  3999 | D:3      | Found a shimmering altar of Xom.
  4000 | D:3      | Found an ornate altar of the Wu Jian Council.
  4240 | D:4      | Noticed Natasha
  4249 | D:4      | Killed Natasha
  4300 | D:4      | Noticed Natasha
  4307 | D:4      | Killed Natasha
  4308 | D:4      | Reached XP level 6. HP: 26/38 MP: 10/10
  4473 | D:4      | Found an ancient bone altar of Kikubaaqudgha.
  4483 | D:4      | Noticed Grinder
  4661 | D:4      | Paralysed by Grinder for 4 turns
  4972 | D:4      | Noticed Natasha
  4976 | D:4      | Killed Natasha
  4977 | D:4      | Reached skill level 6 in Maces & Flails
  5126 | D:5      | Entered Level 5 of the Dungeon
  5400 | D:5      | Noticed an orc warrior
  5468 | D:4      | Paralysed by Grinder for 3 turns
  5508 | D:3      | Paralysed by Grinder for 4 turns
  6236 | D:5      | Reached XP level 7. HP: 44/44 MP: 11/11
  6271 | D:5      | Reached skill level 5 in Fighting
  6448 | D:5      | Reached skill level 7 in Maces & Flails
  6679 | D:5      | Found a glowing golden altar of the Shining One.
  6679 | D:5      | Found a white marble altar of Elyvilon.
  6679 | D:5      | Found a glowing silver altar of Zin.
  6691 | D:5      | Became a worshipper of the Shining One
  7365 | D:6      | Found Ijoor's Assorted Antiques.
  7402 | D:6      | Bought an iridescent morningstar for 207 gold pieces
  7402 | D:6      | Identified the +5 morningstar "Puokoym" {antimagic, rC+
                  | Str+2 Dex+4} (You bought it in a shop on level 6 of the
                  | Dungeon)
  7624 | D:6      | Reached XP level 8. HP: 46/50 MP: 4/12
  7826 | D:6      | Reached skill level 8 in Maces & Flails
  7887 | D:6      | Found Nahif's Antique Weapon Shoppe.
  7897 | D:6      | Found Qieros's Assorted Antiques.
  7953 | D:6      | Found a staircase to the Ecumenical Temple.
  8266 | D:6      | Reached * piety under the Shining One
  8273 | D:6      | Killed from afar by an orc priest

Illustrated notes

Levels and vault maps discovered:
D:1:      elethiomel_arrival_maze, layout_basic,
          shapermc_ecumenical_altar_totnotflames, amcnicky_mini_corridor_feature
D:2:      layout_basic, basic_altar
D:3:      layout_basic, gammafunk_temple_overflow_pools
D:4:      layout_rooms, mainiacjoe_overflow_boulevard, uniq_grinder,
          uniq_natasha
D:5:      layout_basic, good_gods_mini_temple
D:6:      layout_cave_pools, minmay_temple_entry_stoned_glass, serial_shops,
          nicolae_shop_trees, shop, nicolae_shop_overgrown_old_shop, shop, shop

Skill      XL: |  1  2  3  4  5  6  7  8 |
---------------+-------------------------+-----
Maces & Flails | 3 4 5 6 7 8 |  8.6
Fighting       | 3 4 5 6 |  6.1
Dodging        | 3 4 |  4.3
Throwing       | |  1.0
Armour         | |  1.1
Spellcasting   | |  2.0
Translocations | |  2.4

Action                   |  1- 3 |  4- 6 |  7- 9 || total
-------------------------+-------+-------+-------++-------
Melee: Mace              |   101 |    85 |       ||   186
       Kick              |    19 |    36 |    26 ||    81
       Peck              |    12 |    15 |    10 ||    37
       Flail             |       |    73 |    48 ||   121
       Morningstar       |       |       |    35 ||    35
       Hunting sling     |       |       |     3 ||     3
 Fire: Hunting sling     |       |     7 |    18 ||    25
Throw: Stone             |     4 |     7 |       ||    11
 Cast: Blink             |       |     1 |       ||     1
Evoke: Wand              |       |     2 |     6 ||     8
  Use: Scroll            |       |    14 |     3 ||    17
       Potion            |       |     5 |     1 ||     6
 Stab: Paralysed         |       |     4 |     4 ||     8
Armor: Leather armour    |    23 |    14 |       ||    37
       Ring mail         |       |    31 |     5 ||    36
       Scale mail        |       |       |    14 ||    14
Dodge: Dodged            |    76 |   106 |    63 ||   245
